Map: Rovine di Seras

Players

Mørtebianca

  • Race: Zerg Zerg
  • League: Diamond

zodia

  • Race: Zerg Zerg
  • League: Diamond

Jhyrachy

  • Race: Protoss Protoss
  • League: Silver

SMaUg

  • Race: Protoss Protoss
  • League: Gold

VOD

Have the link to the VOD?

Description

Time

  • Played on: Dec. 3, 2015, 5:27 p.m.
  • Length: 11:28
Show
View Real Time Build Order
Export as new Build Order

Mørtebianca Zerg 

Build Orders: Hatch First, Lurkers 

Get SALT Encoding   

  12  0:02  Drone  
  13  0:08  Drone  
  14  0:17  Overlord  
  14  0:36  Drone x3  
  17  0:55  Hatchery  
  16  0:58  Drone  
  17  1:08  Drone  
  17  1:09  Extractor  
  17  1:16  Spawning Pool  
  16  1:20  Drone  
  17  1:36  Drone x2  
  19  1:40  Drone  
  20  2:03  Drone  
  20  2:04  Hatchery  
  20  2:07  Drone  
  21  2:10  Drone  
  21  2:14  Drone  
  23  2:17  Drone  
  24  2:25  Drone  
  24  2:29  Drone  
  26  2:33  Queen  
  28  2:47  Overlord x2  
  28  3:02  Metabolic Boost  
  28  3:09  Drone x4  
  28  3:10  Drone  
  28  3:11  Queen  
  35  3:15  Queen  
  37  3:21  Overlord  
  37  3:26  Zergling x4  
  37  3:27  Zergling x2  
  40  3:29  Zergling x2  
  41  3:35  Drone x2  
  41  3:37  Drone  
  44  3:45  Zergling x10  
  48  3:58  Spine Crawler  
  46  4:11  Drone x3  
  46  4:12  Drone x4  
  52  4:18  Zergling x4  
  52  4:21  Spine Crawler  
  52  4:25  Zergling x8  
  54  4:39  Drone  
  54  4:40  Drone x2  
  54  4:42  Overlord x2  
  54  4:45  Overlord x3  
  58  4:47  Spore Crawler  
  57  4:57  Hatchery  
  56  5:00  Drone  
  56  5:01  Drone x2  
  56  5:02  Drone x2  
  56  5:03  Drone  
  56  5:04  Drone  
  56  5:05  Drone x2, Extractor  
  61  5:07  Zergling x4  
  62  5:16  Drone x3, Extractor  
  62  5:18  Extractor  
  63  5:21  Evolution Chamber  
  63  5:23  Evolution Chamber  
  63  5:27  Overlord  
  61  5:29  Overlord x2  
  61  5:31  Overlord x2  
  61  5:36  Drone x2  
  61  5:37  Drone x2  
  61  5:38  Drone x2  
  61  5:39  Lair  
  64  5:58  Zerg Missile Weapons Level 1  
  62  6:07  Queen  
  64  6:11  Zerg Ground Armor Level 1  
  64  6:12  Drone  
  64  6:13  Drone x5  
  64  6:15  Drone x3, Overlord  
  64  6:16  Extractor, Overlord, Drone  
  64  6:17  Drone x2, Extractor  
  64  6:18  Drone  
  75  6:21  Drone x2  
  77  6:36  Roach Warren  
  76  6:41  Hydralisk Den  
  76  6:43  Hatchery, Drone x2  
  76  6:51  Zergling x2  
  76  6:52  Queen  
  79  6:54  Spore Crawler  
  79  6:56  Spore Crawler  
  79  6:57  Drone x2  
  79  6:58  Drone x2  
  79  7:00  Drone  
  82  7:06  Zergling x2  
  82  7:07  Zergling x18  
  93  7:21  Hatchery  
  92  7:23  Roach  
  92  7:24  Roach x10  
  92  7:27  Glial Reconstitution  
  92  7:29  Muscular Augments  
  114  7:39  Overlord x3  
  114  7:45  Pneumatized Carapace  
  114  7:50  Roach x5  
  126  7:51  Roach  
  126  7:52  Nydus Network  
  124  7:59  Burrow  
  124  8:00  Hydralisk  
  124  8:01  Hydralisk x2  
  124  8:02  Hydralisk  
  131  8:11  Hydralisk x3  
  131  8:12  Hydralisk  
  139  8:13  Hydralisk  
  139  8:34  Zerg Missile Weapons Level 2  
  139  8:35  Zerg Ground Armor Level 2  
  139  8:44  Lurker Den  
  139  8:45  Tunneling Claws  
  139  9:00  Drone  
  139  9:01  Drone x10  
  150  9:03  Extractor, Drone x2  
  133  9:36  Roach x9  
  133  9:37  Roach x11  
  167  9:49  Hydralisk x2, Roach x2  
  167  9:50  Hydralisk x2  
  179  9:53  Extractor  
  179  9:57  Queen  
  179  9:59  Overlord x2  
  172  10:00  Hydralisk x6  
  172  10:03  Hatchery  
  172  10:04  Roach x3  
  177  10:19  Hydralisk x8  
  160  10:24  Hydralisk x2  
  160  10:25  Hydralisk  
  140  10:36  Roach  
  140  10:37  Roach x7  
  146  10:50  Zergling x8  
  146  10:51  Zergling x14  
  155  11:06  Lurker  
  155  11:07  Lurker x5  
  161  11:14  Infestation Pit  
Show
View Real Time Build Order
Export as new Build Order

zodia Zerg 

Build Orders:  

Get SALT Encoding   

  12  0:01  Probe (Chrono Boost)  
  13  0:12  Probe (Chrono Boost)  
  14  0:22  Pylon  
  14  0:23  Probe (Chrono Boost)  
  15  0:41  Probe (Chrono Boost)  
  16  0:51  Probe (Chrono Boost)  
  17  1:02  Nexus  
  17  1:06  Probe (Chrono Boost)  
  18  1:17  Gateway  
  18  1:28  Gateway  
  19  1:32  Probe (Chrono Boost)  
  19  1:38  Pylon  
  19  1:43  Probe (Chrono Boost)  
  20  1:47  Assimilator  
  20  1:55  Assimilator  
  20  2:07  Pylon  
  20  2:09  Cybernetics Core  
  20  2:16  Probe x2 (Chrono Boost)  
  22  2:26  Probe (Chrono Boost)  
  22  2:28  Probe (Chrono Boost)  
  25  2:37  Probe (Chrono Boost)  
  25  2:39  Probe (Chrono Boost)  
  25  2:43  Pylon  
  26  2:47  Probe (Chrono Boost)  
  26  2:50  Adept  
  29  2:53  Warp Gate (Chrono Boost)  
  29  2:59  Mothership Core (Chrono Boost)  
  29  3:03  Probe  
  32  3:11  Adept  
  34  3:13  Probe  
  34  3:17  Adept  
  34  3:19  Probe  
  38  3:24  Probe  
  39  3:31  Probe  
  40  3:34  Probe  
  40  3:39  Adept  
  43  3:43  Probe  
  43  3:45  Probe, Robotics Facility  
  45  3:57  Probe, Adept  
  45  3:59  Probe  
  49  4:07  Gateway  
  49  4:08  Probe  
  50  4:11  Probe  
  51  4:19  Probe, Adept  
  51  4:23  Probe  
  51  4:24  Pylon  
  55  4:27  Gateway  
  55  4:29  Probe  
  54  4:32  Assimilator  
  54  4:36  Probe  
  54  4:37  Assimilator  
  54  4:38  Pylon  
  49  4:53  Probe  
  49  4:57  Robotics Bay  
  49  4:58  Probe, Pylon  
  51  5:04  Probe  
  52  5:14  Probe x2  
  53  5:20  Gateway  
  54  5:26  Sentry x2  
  54  5:27  Adept  
  54  5:28  Adept  
  62  5:32  Nexus  
  62  5:34  Pylon  
  62  5:37  Pylon  
  62  5:39  Probe, Pylon  
  63  5:44  Disruptor  
  65  5:54  Adept x2  
  66  6:02  Probe  
  66  6:03  Probe  
  68  6:10  Robotics Facility  
  68  6:13  Probe  
  68  6:15  Probe, Gateway  
  68  6:16  Gateway  
  70  6:19  Disruptor  
  70  6:24  Probe  
  73  6:28  Probe  
  73  6:31  Forge  
  73  6:32  Forge  
  75  6:36  Probe  
  75  6:39  Twilight Council  
  76  6:41  Probe  
  76  6:46  Probe  
  77  6:49  Zealot x2  
  77  6:50  Zealot  
  77  6:53  Probe  
  77  6:54  Zealot  
  87  7:15  Disruptor  
  84  7:18  Disruptor  
  84  7:22  Zealot, Adept  
  92  7:23  Adept x2  
  92  7:26  Protoss Ground Weapons Level 1 (Chrono Boost), Protoss Ground Armor Level 1 (Chrono Boost)  
  98  7:30  Zealot  
  100  7:37  Resonating Glaives  
  100  7:39  Probe x3  
  100  7:42  Assimilator  
  100  7:44  Assimilator, Pylon  
  103  7:48  Zealot x2  
  103  7:50  Zealot  
  103  7:51  Probe x2  
  111  7:52  Sentry  
  111  7:54  Warp Prism  
  112  8:28  Zealot  
  112  8:29  Zealot x2  
  112  8:31  Stalker  
  112  8:32  Stalker x2  
  124  8:36  Pylon  
  124  8:39  Pylon  
  124  8:40  Probe, Pylon  
  125  8:42  Pylon  
  125  8:43  Pylon  
  125  8:44  Pylon  
  125  8:45  Pylon  
  125  8:54  Probe, Disruptor (Chrono Boost)  
  125  8:55  Immortal (Chrono Boost)  
  133  9:00  Nexus  
  133  9:01  Pylon  
  133  9:04  Observer Gravitic Boosters  
  133  9:10  Templar Archives  
  130  9:26  Immortal (Chrono Boost)  
  130  9:29  Observer (Chrono Boost)  
  114  9:34  Zealot, Adept  
  114  9:35  Adept x4  
  118  9:47  Observer (Chrono Boost)  
  118  9:51  Stalker  
  121  9:55  Stalker  
  121  9:56  Zealot x4  
  121  9:57  Zealot  
  117  10:08  Colossus (Chrono Boost)  
  95  10:30  Nexus  
  95  10:32  Pylon  
  95  10:33  Stalker x5  
  95  10:35  Sentry x2  
  82  10:50  Mothership Core  
  82  10:56  Zealot x2  
  82  10:58  Stalker x3  
  82  10:59  Stalker  
  82  11:00  Stalker  
Show
View Real Time Build Order
Export as new Build Order

Jhyrachy Protoss 

Build Orders:  

Get SALT Encoding   

Show
View Real Time Build Order
Export as new Build Order

SMaUg Protoss 

Build Orders:  

Get SALT Encoding   

Tags
 
Add a new tag
Caveats
  • Supply blocks, unpowered buildings, or Contaminate may cause inaccurate times.
  • Supply counts are checked every 10 seconds.